 Dungeon Crawl Stone Soup version 0.22-a0-612-gd2f0174 (webtiles) character file.

7467 digijack the Fighter (level 11, -6/97 HPs)
             Began as a Hill Orc Monk on July 10, 2018.
             Was an Elder of the Shining One.
             Mangled by an 11-headed hydra (10 damage)
             ... on level 8 of the Dungeon on July 11, 2018.
             The game lasted 01:26:25 (12548 turns).

digijack the Fighter (Hill Orc Monk)               Turns: 12548, Time: 01:26:29

Health: -6/97      AC: 25    Str: 18    XL:     11   Next: 15%
Magic:  17/17      EV:  7    Int: 10    God:    the Shining One [****..]
Gold:   270        SH:  6    Dex: 15    Spells: 13/15 levels left

rFire    + . .     SeeInvis .   i - +5 spear
rCold    . . .     Gourm    .   u - +0 buckler (curse)
rNeg     + + .     Faith    .   o - +2 plate armour {rF+}
rPois    +         Spirit   .   p - +0 helmet
rElec    .         Reflect  .   m - +1 cloak
rCorr    .         Harm     .   l - +2 pair of gloves
MR       +....     Rnd*Rage +   B - +2 pair of boots
Stlth    ..........             (no amulet)
HPRegen  0.26/turn              h - ring of protection from magic
MPRegen  0.15/turn              t - ring of poison resistance

@: lethally poisoned (-6 -> -9), glowing
A: camouflage 1, agile 1, berserk 1, deterioration 1, subdued magic 1
a: Divine Shield, Cleansing Flame, Renounce Religion


You were on level 8 of the Dungeon.
You worshipped the Shining One.
The Shining One was greatly pleased with you.
You were not hungry.

You visited 2 branches of the dungeon, and saw 12 of its levels.
You also visited: Sewer and Ossuary.

You collected 585 gold pieces.
You spent 315 gold pieces at shops.

Inventory:

Hand Weapons
 i - a +5 spear (weapon)
Missiles
 e - 415 stones (quivered)
Armour
 l - a +2 pair of gloves (worn)
 m - a +1 cloak (worn)
 o - a +2 plate armour of fire resistance (worn)
 p - a +0 helmet (worn)
 u - a cursed +0 buckler (worn)
 x - a +0 shield
 y - a +0 troll leather armour {Purgy}
 B - a +2 pair of boots (worn)
Jewellery
 g - an uncursed ring of fire
 h - a ring of protection from magic (left hand)
 t - a ring of poison resistance (right hand)
Wands
 w - a wand of iceblast (18)
 A - a wand of flame (53)
 C - a wand of paralysis (10)
 D - a wand of acid (10)
Scrolls
 a - a scroll of magic mapping
 k - 12 scrolls of identify
 n - 3 scrolls of remove curse
 z - 2 scrolls of amnesia
Potions
 b - 6 potions of curing
 d - 3 potions of flight
 j - 3 potions of haste
 q - 3 potions of agility
 s - 4 potions of heal wounds
 v - a potion of brilliance
 G - a potion of cancellation
Miscellaneous
 F - a sack of spiders
Comestibles
 c - 16 rations


   Skills:
 + Level 9.5 Fighting
   Level 6.6(8.7) Axes
 + Level 7.2(8.1) Polearms
 + Level 7.8 Armour
 - Level 2.5 Dodging
 - Level 1.5 Stealth
 + Level 6.4 Shields
 + Level 2.8 Spellcasting
 + Level 3.6 Translocations
 + Level 8.4 Invocations


You had 13 spell levels left.
You knew the following spells:

 Your Spells              Type           Power        Failure   Level  Hunger
a - Blink                 Tloc           N/A          94%         2    ###....

Your spell library contained the following spells:

 Spells                   Type           Power        Failure   Level  Hunger
 Magic Dart               Conj           #...         100%        1    ##.....
 Conjure Flame            Conj/Fire      #.......     100%        3    ####...
 Slow                     Hex            #.......     100%        2    ###....
 Mephitic Cloud           Conj/Pois/Air  #.......     100%        3    ####...
 Iskenderun's Mystic Bla  Conj           #.......     100%        4    #####..
 Call Imp                 Summ           #.......     100%        2    ###....
 Spider Form              Tmut/Pois      #.........   100%        3    ####...
 Blade Hands              Tmut           #.........   100%        5    ######.
 Ice Form                 Ice/Tmut       #.......     100%        4    #####..
 Sticks to Snakes         Tmut           #.......     100%        2    ###....
 Beastly Appendage        Tmut           #.....       100%        1    ##.....
 Fulminant Prism          Conj/Hex       #.........   100%        4    #####..
 Dazzling Spray           Conj/Hex       #.....       100%        3    ####...
 Force Lance              Conj/Tloc      #.......     100%        4    #####..
 Searing Ray              Conj           #.....       100%        2    ###....


Dungeon Overview and Level Annotations

Branches:
Dungeon (11/15)            Temple (1/1) D:4            Lair (0/6) D:11
    Orc (0/2) D:10

Altars:
Ashenzari
Cheibriados
Dithmenos
Elyvilon
Fedhas
Gozag
Hepliaklqana
Kikubaaqudgha
Makhleb
Nemelex Xobeh
Okawaru
Qazlal
Ru
Sif Muna
Trog
Uskayaw
Vehumet
Wu Jian
Xom
Yredelemnul
Zin
The Shining One

Shops:
D:5 [   D:7 *   D:10 [}[?%

Annotations:
D:7 3 runed doors, Hebeh's ghost, novice MiFi
D:11 Urug


Innate Abilities, Weirdness & Mutations

Your skin changes colour to match your surroundings (Stealth+).
You are agile. (Dex +2)
You tend to lose your temper in combat.
Your body sometimes deteriorates upon taking damage.
Your spells are a little easier to cast, but a little less powerful.


Message History

* * * LOW HITPOINT WARNING * * *
You feel sick.
Your divine shield fades away.
* * * LOW HITPOINT WARNING * * *
You feel sick.
Attack whom?
Press: ? - help, Dir - move target cursor, f/p - 11-headed hydra
Aim: an 11-headed hydra (lightly wounded, haloed)
Okay, then.
Evoke which item? (* to show all) (? for menu, Esc to quit)
Aiming: Paralyse
Press: ? - help, Shift-Dir - straight line, f/p - 11-headed hydra
Aim: an 11-headed hydra (lightly wounded, haloed, chance to defeat MR: 15%)
The 11-headed hydra resists with almost no effort.
* * * LOW HITPOINT WARNING * * *
You feel sick.
The 11-headed hydra bites you but does no damage. x3
The 11-headed hydra closely misses you. You block the 11-headed hydra's attack.
The 11-headed hydra bites you!
You die...

.....#####...# ....##♣♣?##.(#
...##♣....#..# ...#≈.....'..#
...#♣..)..'..# ...#≈.%...'.##
...##♣....#.#
....##≈.♣##.########
.....#####.....D@..#
............######.#
.................#.#
.............###.#.####
......##.###.# #......#
#######...##.#####.##.########
#..##.....##..#.............#
##..#.......#..#.#.#..####.###
........_.....[#.#..........#


You could see a 11-headed hydra.

Vanquished Creatures
  The ghost of Nib the Fighter, a novice DrAK of Lugonu (D:8)
  A two-headed ogre (D:9)
  An ugly thing (D:11)
  A wyvern (D:10)
  3 yaks (D:10)
  A hungry ghost (D:9)
  2 wargs (D:11)
  Edmund (D:4)
  Purgy (Sewer)
  4 ice beasts
  A hornet zombie (D:7)
  2 black bears
  A necrophage (D:6)
  A sky beast (D:5)
  4 ogres
  6 orc warriors
  2 centaurs
  3 big kobolds
  A gnoll sergeant (D:8)
  8 bullfrogs
  A water moccasin zombie (D:8)
  A scorpion (D:9)
  A wyvern skeleton (D:8)
  8 killer bees (D:10)
  A crimson imp (D:4)
  A centaur zombie (D:6)
  7 hounds
  2 human zombies (Ossuary)
  A jelly (D:8)
  A quasit (D:10)
  Crazy Yiuf (D:4)
  6 orc priests
  A bullfrog skeleton (D:5)
  9 orc wizards
  Ijyb (D:3)
  2 iguanas
  4 worker ants
  A hound zombie (D:7)
  4 mummies (Ossuary)
  4 gnolls (D:8)
  A worker ant zombie (D:10)
  14 adders
  5 shadow imps
  4 oozes
  An adder skeleton (D:9)
  5 worms
  3 dart slugs
  2 leopard geckos
  24 orcs
  6 ball pythons
  10 bats
  8 giant cockroaches
  10 goblins
  17 hobgoblins
  8 jackals
  13 kobolds
  5 quokkas
  2 ball python skeletons (D:4)
  5 frilled lizards
  2 goblin zombies (Ossuary)
  A hobgoblin zombie (Ossuary)
  A kobold zombie (Ossuary)
  2 orc zombies (Ossuary)
  11 rats
  A fungus (D:4)
263 creatures vanquished.

Vanquished Creatures (others)
  4 plants
4 creatures vanquished.

Grand Total: 267 creatures vanquished

Notes
Turn   | Place    | Note
-------+----------+-------------------------------------------
     0 | D:1      | digijack the Hill Orc Monk began the quest for the Orb.
     0 | D:1      | Reached XP level 1. HP: 19/19 MP: 1/1
   225 | D:1      | Reached XP level 2. HP: 25/27 MP: 2/2
   244 | D:1      | Reached skill level 4 in Fighting
   438 | D:1      | Reached skill level 1 in Armour
   438 | D:1      | Reached XP level 3. HP: 27/33 MP: 3/3
  1758 | D:2      | Reached XP level 4. HP: 41/41 MP: 4/4
  2360 | D:3      | Reached skill level 5 in Axes
  2651 | D:3      | Reached XP level 5. HP: 47/47 MP: 5/5
  2674 | D:3      | Reached skill level 5 in Fighting
  3191 | D:3      | Noticed Ijyb
  3202 | D:3      | Killed Ijyb
  3202 | D:3      | Reached skill level 1 in Polearms
  3390 | D:4      | Reached XP level 6. HP: 56/56 MP: 6/6
  3455 | D:4      | Found a staircase to the Ecumenical Temple.
  3471 | Temple   | Entered the Ecumenical Temple
  3605 | Temple   | Became a worshipper of the Shining One
  3605 | Temple   | Reached * piety under the Shining One
  3605 | Temple   | Reached ** piety under the Shining One
  3677 | D:4      | Reached skill level 1 in Invocations
  3686 | D:4      | Gained mutation: You do not regenerate when monsters are visible. [potion of mutation]
  3686 | D:4      | Gained mutation: You are partially covered in molten scales. (AC +2) [potion of mutation]
  3686 | D:4      | Gained mutation: Your flesh is cold resistant. (rC+) [potion of mutation]
  3747 | D:4      | Lost mutation: Your flesh is cold resistant. (rC+) [potion of mutation]
  3747 | D:4      | Lost mutation: You are partially covered in molten scales. (AC +2) [potion of mutation]
  3747 | D:4      | Gained mutation: You tend to lose your temper in combat. [potion of mutation]
  3747 | D:4      | Gained mutation: Your flesh is heat resistant. (rF+) [potion of mutation]
  4090 | D:4      | Noticed Edmund
  4104 | D:4      | Killed Edmund
  4104 | D:4      | Reached skill level 6 in Fighting
  4104 | D:4      | Reached XP level 7. HP: 63/63 MP: 8/8
  4269 | D:4      | Found a runed door.
  4274 | D:4      | Noticed Crazy Yiuf
  4282 | D:4      | Killed Crazy Yiuf
  4325 | D:5      | Entered Level 5 of the Dungeon
  4368 | D:5      | Found an ancient bone altar of Kikubaaqudgha.
  4416 | D:5      | Found Jeodar's Antique Armour Emporium.
  4422 | D:5      | Bought a shield for 135 gold pieces
  4602 | D:5      | Reached skill level 1 in Shields
  5331 | D:6      | Reached XP level 8. HP: 71/71 MP: 10/10
  5535 | D:6      | Reached skill level 7 in Fighting
  5535 | D:6      | Reached skill level 5 in Armour
  5784 | D:6      | Found a glowing drain.
  5803 | Sewer    | Entered a sewer
  5850 | Sewer    | Noticed Purgy
  5906 | Sewer    | Killed Purgy
  6453 | D:6      | Reached skill level 5 in Invocations
  6507 | D:6      | Reached XP level 9. HP: 32/79 MP: 12/12
  6941 | D:7      | Found a sand-covered staircase.
  6949 | Ossuary  | Entered an ossuary
  6989 | Ossuary  | Reached *** piety under the Shining One
  7150 | Ossuary  | Lost mutation: You do not regenerate when monsters are visible. [potion of mutation]
  7150 | Ossuary  | Lost mutation: Your flesh is heat resistant. (rF+) [potion of mutation]
  7150 | Ossuary  | Gained mutation: You are covered in fur. (AC +1) [potion of mutation]
  7150 | Ossuary  | Gained mutation: Your skin changes colour to match your surroundings (Stealth+). [potion of mutation]
  7151 | Ossuary  | Lost mutation: You tend to lose your temper in combat. [potion of mutation]
  7151 | Ossuary  | Lost mutation: You are covered in fur. (AC +1) [potion of mutation]
  7151 | Ossuary  | Gained mutation: You tend to lose your temper in combat. [potion of mutation]
  7151 | Ossuary  | Gained mutation: Your body sometimes deteriorates upon taking damage. [potion of mutation]
  7151 | Ossuary  | Gained mutation: Your spells are a little easier to cast, but a little less powerful. [potion of mutation]
  7151 | Ossuary  | Gained mutation: You are agile. (Dex +2) [potion of mutation]
  7305 | D:7      | Found a runed gate.
  7306 | D:7      | Found a runed gate.
  7312 | D:7      | Reached skill level 5 in Polearms
  7313 | D:7      | Found a runed gate.
  7468 | D:7      | Noticed Hebeh's ghost (novice MiFi)
  7468 | D:7      | Reached **** piety under the Shining One
  7487 | D:7      | Found Asuenut's Assorted Antiques.
  7495 | D:7      | Bought a scroll of enchant armour for 180 gold pieces
  8023 | D:8      | Learned a level 2 spell: Blink
  8031 | D:8      | Found a runed gate.
  8031 | D:8      | Found a runed gate.
  8031 | D:8      | Noticed Nib's ghost (novice DrAK)
  8032 | D:8      | Found a runed gate.
  8035 | D:8      | Found a sacrificial altar of Ru.
  8071 | D:8      | Noticed an 11-headed hydra
  8109 | D:8      | Reached skill level 1 in Spellcasting
  8133 | D:8      | Reached skill level 8 in Fighting
  9007 | D:9      | Noticed a two-headed ogre
  9021 | D:9      | Killed a two-headed ogre
  9021 | D:9      | Reached XP level 10. HP: 72/90 MP: 13/15
  9291 | D:9      | Reached skill level 5 in Shields
  9323 | D:9      | Upgraded the game from 0.22-a0-609-gfedc9ff to 0.22-a0-612-gd2f0174
 10683 | D:10     | Entered Level 10 of the Dungeon
 10949 | D:10     | Found a staircase to the Orcish Mines.
 10963 | D:10     | Found Oweith's Food Shoppe.
 11014 | D:10     | Found Diof's Armour Boutique.
 11137 | D:10     | Reached skill level 9 in Fighting
 11259 | D:10     | Found Qigako's Armour Boutique.
 11365 | D:10     | Found Vagh's Magic Scroll Emporium.
 11482 | D:10     | Found Emileihe's Gadget Boutique.
 11657 | D:11     | Noticed Urug
 11660 | D:11     | Found a staircase to the Lair.
 11674 | D:11     | Noticed a brown ugly thing
 11689 | D:11     | Killed a brown ugly thing
 11824 | D:11     | Noticed a skeletal warrior
 11870 | D:11     | Reached XP level 11. HP: 86/97 MP: 17/17
 12006 | D:11     | Noticed a death knight
 12035 | D:11     | Noticed a skeletal warrior
 12539 | D:8      | Killed Nib's ghost
 12547 | D:8      | HP: 4/97 [poisoned by Nib's ghost]
 12548 | D:8      | Mangled by an 11-headed hydra

Vault maps used:
D:1:      eino_arrival_cavern_e
D:2:      kennysheep_generic_room_12
D:3:      uniq_ijyb
D:4:      minmay_temple_entry_trees, st_stairs_9, uniq_crazy_yiuf_cottage,
          uniq_edmund
D:5:      serial_shops, kennysheep_little_box, basic_altar, first_ration
D:6:      cheibrodos_sewer_entry_drain
D:7:      chequers_ossuary_entry_cave, gammafunk_ghost_icy, serial_shops, shop
D:8:      lemuel_round_altar, gammafunk_ghost_hydra_chop
D:9:      blue_anna_alchemist, minmay_misc_feat_ornament
D:10:     orc_0_dummy, serial_shops, shop, nicolae_shop_crystal,
          nicolae_shop_waterfront, nicolae_shop_competitors_out_of_business,
          kennysheep_windowed_goal
D:11:     kennysheep_big_flooded_room, erik_lair_orcish_takeover,
          ebering_ghost_funeral_grove, uniq_urug
Temple:   kilobyte_greek_temple
Sewer:    sewer_co_purgy_island
Ossuary:  ossuary_crypta

Skill      XL: |  1  2  3  4  5  6  7  8  9 10 |
---------------+-------------------------------+-----
Fighting       | 4 5 6 7 8 9 |  9.5
Armour         | 1 2 3 4 5 6 7 |  7.8
Axes           | 5 6 |  6.6
Polearms       | 1 2 3 4 6 7 |  7.2
Invocations    | 2 3 5 6 8 |  8.4
Shields        | 1 3 4 6 |  6.4
Spellcasting   | 1 2 |  2.8
Translocations | 2 3 |  3.6
Dodging        | |  2.5
Stealth        | |  1.5

Action                   |  1- 3 |  4- 6 |  7- 9 | 10-12 || total
-------------------------+-------+-------+-------+-------++-------
Melee: Hand axe          |   155 |   117 |       |       ||   272
       Spear             |       |   112 |   489 |   450 ||  1051
Throw: Stone             |     1 |     8 |     6 |     6 ||    21
Invok: Divine Shield     |       |       |     2 |     2 ||     4
       Cleansing Flame   |       |       |       |     2 ||     2
Evoke: Wand              |       |       |     7 |     6 ||    13
  Use: Potion            |     5 |     4 |     9 |     2 ||    20
       Scroll            |     4 |     3 |    11 |     6 ||    24
 Stab: Sleeping          |     2 |       |       |       ||     2
  Eat: Chunk             |     3 |     8 |     7 |    11 ||    29
       Ration            |       |       |     3 |     1 ||     4
Armor: Robe              |    21 |       |       |       ||    21
       Scale mail        |     5 |    37 |       |       ||    42
       Plate armour      |       |    75 |   206 |   195 ||   476
Dodge: Dodged            |    86 |    58 |    38 |    83 ||   265
Block: Shield            |       |       |    87 |       ||    87
       Other             |       |       |     1 |       ||     1
       Buckler           |       |       |    26 |   113 ||   139

Table legend:
 A = Spawn XP
 B = Non-spawn XP
 C = Spawn XP percentage of total XP
 D = Spawn monster count
 E = Non-spawn monster count
 F = Spawn count percentage of total count
 G = Total turns spent on level
                    A         B        C        D         E        F      G
               +---------+---------+-------+---------+---------+-------+---------
         Total |       0 |   10668 |   0.0 |       0 |     262 |   0.0 | 12548
               +---------+---------+-------+---------+---------+-------+---------
           D:1 |       0 |      63 |   0.0 |       0 |      34 |   0.0 |  1313
           D:2 |       0 |      38 |   0.0 |       0 |      20 |   0.0 |  1197
           D:3 |       0 |     188 |   0.0 |       0 |      30 |   0.0 |   743
           D:4 |       0 |     456 |   0.0 |       0 |      25 |   0.0 |   891
           D:5 |       0 |     327 |   0.0 |       0 |      10 |   0.0 |   892
           D:6 |       0 |    1265 |   0.0 |       0 |      32 |   0.0 |  1255
           D:7 |       0 |     635 |   0.0 |       0 |      13 |   0.0 |   800
           D:8 |       0 |    1478 |   0.0 |       0 |      12 |   0.0 |  1187
           D:9 |       0 |    2055 |   0.0 |       0 |      24 |   0.0 |  1958
          D:10 |       0 |    2681 |   0.0 |       0 |      34 |   0.0 |  1018
          D:11 |       0 |    1175 |   0.0 |       0 |       8 |   0.0 |   426
         Sewer |       0 |     146 |   0.0 |       0 |       8 |   0.0 |   413
       Ossuary |       0 |     161 |   0.0 |       0 |      12 |   0.0 |   274
               +---------+---------+-------+---------+---------+-------+---------
